 Dungeon Crawl Stone Soup version 0.13.1-2-gfb2c2b7 (webtiles) character file.

140 Lilouch the Firebug (level 3, -3/26 HPs)
             Began as a Hill Orc Fire Elementalist on Dec 4, 2013.
             Killed from afar by Terence (6 damage)
             ... with a wand of flame
             ... on Level 2 of the Dungeon.
             The game lasted 00:10:46 (1862 turns).

Lilouch the Firebug (Hill Orc Fire Elementalist)    Turns: 1862, Time: 00:10:47

HP  -3/26        AC  4     Str 10      XL: 3   Next: 66%
MP   4/6         EV 12     Int 16      God:
Gold 94          SH  0     Dex 11      Spells:  1 memorised,  3 levels left

Res.Fire  : . . .   See Invis. : .   k - +1 hand axe (venom)
Res.Cold  : + + .   Warding    : .   r - +1 robe {rC+}
Life Prot.: . . .   Conserve   : .   (no shield)
Res.Poison: .       Res.Corr.  : .   q - +0 helmet
Res.Elec. : .       Clarity    : .   (no cloak)
Sust.Abil.: . .     Spirit.Shd : .   (no gloves)
Res.Mut.  : .       Stasis     : .   (no boots)
Res.Rott. : .       Flight     : .   (no amulet)
Saprovore : + . .                    (no ring)
                                     n - ring of protection from cold {unknown}

@: very slightly contaminated, not resistant to hostile enchantments, unstealthy
A: saprovore 1
a: no special abilities


You were on level 2 of the Dungeon.
You were not hungry.

You visited 1 branch of the dungeon, and saw 2 of its levels.

You collected 74 gold pieces.

Inventory:

Hand weapons
 f - a +0,+0 dagger
 k - a +1,+1 hand axe of venom (weapon)
 o - a +0,+0 dagger
 t - a +1,+0 elven dagger
 u - a +2,+0 elven dagger (quivered)
Missiles
 h - 18 bolts
 j - 30 stones
Armour
 a - a +0 orcish robe
 q - a +0 helmet (worn)
 r - a +1 robe of cold resistance (worn)
Comestibles
 c - a meat ration
Scrolls
 e - a scroll of amnesia {unknown}
 g - a scroll of random uselessness {unknown}
 i - a scroll of identify {unknown}
 m - a scroll of magic mapping {unknown}
 p - a scroll of noise {unknown}
 s - a scroll of fear {unknown}
 v - a scroll of enchant weapon II {unknown}
 w - a scroll of blinking {unknown}
 y - a scroll of recharging {unknown}
Jewellery
 n - a ring of protection from cold (left hand) {unknown}
Potions
 d - a potion of restore abilities {unknown}
 l - 2 potions of curing {unknown}
 x - 2 potions of brilliance {unknown}
 z - a potion of might {unknown}
Books
 b - a book of Flames

   Spells                             Type                      Level
   *Flame Tongue                      Conjuration/Fire             1
   Throw Flame                        Conjuration/Fire             2
   Conjure Flame                      Conjuration/Fire             3
   Inner Flame                        Hexes/Fire                   3
   Sticky Flame                       Conjuration/Fire             4
   Fireball                           Conjuration/Fire             5


   Skills:
 - Level 1.5 Dodging
 - Level 1.5 Stealth
 + Level 1.3 Spellcasting
 + Level 1.8 Conjurations
 * Level 4.3 Fire Magic


You had 3 spell levels left.
You knew the following spells:

 Your Spells              Type           Power        Failure   Level  Hunger
a - Flame Tongue          Conj/Fire      ##...        10%         1    ##.....


Dungeon Overview and Level Annotations

Branches:
Dungeon (2/27)

Altars:
Makhleb
Xom

Annotations:
D:2 Sigmund, Terence


Innate Abilities, Weirdness & Mutations

You can tolerate rotten meat.


Message History

The puff of flame hits you!
Casting: Flame Tongue
Confirm with . or Enter, or press ? or * to list all spells.
Aiming: Flame Tongue
Press: ? - help, Shift-Dir - straight line, f/p - Terence
Aim: Terence, wielding a dwarven morningstar, wearing a scale mail and carrying a wand of flame {zapped: 1} The flame hits Terence.
Terence is moderately wounded.
Terence zaps a wand.
The puff of flame hits you!
Casting: Flame Tongue
Confirm with . or Enter, or press ? or * to list all spells.
Aiming: Flame Tongue
Press: ? - help, Shift-Dir - straight line, f/p - Terence
Aim: Terence, wielding a dwarven morningstar, wearing a scale mail and carrying a wand of flame {zapped: 2} (moderately wounded)
You miscast Flame Tongue.
You are very lightly contaminated with residual magic.
You feel uncomfortably hot.
Terence zaps a wand.
The puff of flame hits you!
* * * LOW HITPOINT WARNING * * *
Terence zaps a wand.
The puff of flame hits you!
You die...

######### ######
#...@...######......
#.#####@#...#...#
#.#####.#.......#
#.##......@.#...#
#.##.##.#########
#.##.##.# #.......#
#.......########
#.##.##.##.....#


You could see Terence.

Vanquished Creatures
  An adder (D:2)
  A worm (D:1)
  2 giant geckos (D:1)
  A giant cockroach (D:1)
  7 goblins
  2 hobgoblins (D:1)
  A ball python (D:1)
  2 bats (D:1)
  2 giant newts
  6 kobolds
  4 rats
29 creatures vanquished.

Notes
Turn   | Place    | Note
--------------------------------------------------------------
     0 | D:1      | Lilouch, the Hill Orc Fire Elementalist, began the quest for the Orb.
     0 | D:1      | Reached XP level 1. HP: 14/14 MP: 3/3
   399 | D:1      | Reached XP level 2. HP: 18/20 MP: 2/4
   753 | D:1      | Reached skill level 4 in Fire Magic
   959 | D:1      | Reached XP level 3. HP: 26/26 MP: 3/5
  1424 | D:2      | Noticed Sigmund
  1434 | D:2      | Found a shimmering altar of Xom.
  1783 | D:2      | Found a burning altar of Makhleb.
  1848 | D:2      | Noticed Terence
  1862 | D:2      | Killed from afar by Terence

Action                   || total
-------------------------++-------
Melee: Hand axe          ||    13
Throw: Dagger            ||     2
 Cast: Flame Tongue      ||    56
